 Dungeon Crawl Stone Soup version 0.19.4-10-g532645f (webtiles) character file.

2796 Rrauwl the Ruffian (level 9, -14/74 HPs)
             Began as a Green Draconian Transmuter on Feb 23, 2017.
             Was a Believer of Nemelex Xobeh.
             Demolished by Duvessa
             ... wielding a +2 short sword of draining
              (15 damage)
             ... on level 7 of the Dungeon.
             The game lasted 01:09:56 (8554 turns).

Rrauwl the Ruffian (Green Draconian Transmuter)     Turns: 8554, Time: 01:09:57

Health: -14/74     AC:  2    Str: 14    XL:     9   Next: 43%
Magic:  21/24      EV: 19    Int: 12    God:    Nemelex Xobeh [**....]
Gold:   298        SH:  0    Dex: 18    Spells: 4 memorised, 8 levels left

rFire  . . .     SeeInvis .       - Unarmed
rCold  + . .     Gourm    .     (armour unavailable)
rNeg   . . .     Faith    +     (shield currently unavailable)
rPois  x         Spirit   .     (helmet currently unavailable)
rElec  .         Reflect  .     (cloak currently unavailable)
rCorr  .         Harm     .     (gloves currently unavailable)
MR     .....                    (boots currently unavailable)
Stlth  ++........               C - amulet of faith
                                u - ring of magical power
                                E - ring of protection from cold

@: spider-form (expiring), heavily drained
A: (breathe noxious fumes), unfitting armour, (big wings), dopey 1, (poison
resistance), screaming 1, (cold-blooded), AC +7
a: End Transformation, Renounce Religion


You were on level 7 of the Dungeon.
You worshipped Nemelex Xobeh.
Nemelex Xobeh was pleased with you.
You were not hungry.
You were a venomous arachnid creature.
You visited 2 branches of the dungeon, and saw 8 of its levels.
You also visited: Ossuary.

You collected 298 gold pieces.

Inventory:

Missiles
 a - 41 arrows
Armour
 z - a +2 pair of gloves (melded)
Magical Staves
 r - an uncursed staff of air
Jewellery
 j - an uncursed ring of flight
 u - a ring of magical power (right front leg)
 y - an uncursed amulet of the gourmand
 C - an amulet of faith (around neck)
 D - an uncursed ring of stealth
 E - a ring of protection from cold (left front leg)
Wands
 w - a wand of acid (11/15)
 B - a wand of flame (31/48)
Scrolls
 e - 3 scrolls of immolation
 f - a scroll of recharging
 m - 2 scrolls of identify
 p - 2 scrolls of fear
 q - 6 scrolls of remove curse
 s - a scroll of blinking
 t - 2 scrolls of amnesia
 A - 2 scrolls of teleportation
Potions
 i - 4 potions of curing
 n - 4 potions of might
 v - 2 potions of lignification
Books
 b - a book of Changes

   Spells                             Type                      Level
   a - Beastly Appendage              Transmutation                1
   b - Sticks to Snakes               Transmutation                2
   c - Spider Form                    Transmutation/Poison         3
   d - Ice Form                       Ice/Transmutation            4
   e - Blade Hands                    Transmutation                5
 x - a book of Frost

   Spells                             Type                      Level
   a - Freeze                         Ice                          1
   b - Throw Frost                    Conjuration/Ice              2
   c - Ozocubu's Armour               Charms/Ice                   3
   d - Throw Icicle                   Conjuration/Ice              4
   e - Summon Ice Beast               Ice/Summoning                4
Comestibles
 c - 7 bread rations
 d - 2 chunks of flesh
 g - 5 meat rations


   Skills:
 + Level 5.1(3.3) Fighting
 - Level 3.0(1.3) Dodging
 - Level 1.0(0.0) Stealth
 + Level 6.1(4.3) Unarmed Combat
 - Level 4.0(2.3) Spellcasting
 - Level 3.0(1.3) Conjurations
 + Level 5.4(3.6) Transmutations
 + Level 3.2(1.5) Ice Magic
 + Level 4.6(2.8) Poison Magic
 + Level 5.1(3.3) Invocations
 - Level 2.0(0.4) Evocations


You had 8 spell levels left.
You knew the following spells:

 Your Spells              Type           Power        Failure   Level  Hunger
a - Beastly Appendage     Tmut           ##....       21%         1    ##.....
b - Sticks to Snakes      Tmut           ##......     28%         2    ###....
c - Throw Frost           Conj/Ice       #.....       41%         2    ###....
d - Spider Form           Tmut/Pois      #.........   45%         3    ####...


Dungeon Overview and Level Annotations

Branches:
Dungeon (7/15)             Temple (1/1) D:4

Altars:
Ashenzari
Cheibriados
Dithmenos
Elyvilon
Fedhas
Hepliaklqana
Kikubaaqudgha
Makhleb
Nemelex Xobeh
Okawaru
Qazlal
Ru
Sif Muna
Trog
Uskayaw
Vehumet
Xom
The Shining One

Annotations:
D:4 flsc's ghost, amateur MiFi
D:7 Duvessa


Innate Abilities, Weirdness & Mutations

((You can breathe blasts of noxious fumes.))
((Your lurid green scales are hard. (AC +7)))
You cannot fit into any form of body armour.
((Your system is resistant to poisons. (rPois)))
((You are cold-blooded and may be slowed by cold attacks.))
((Your large and strong wings let you fly indefinitely.))
You are dopey. (Int -2)
You occasionally shout uncontrollably at your foes.


Message History

You catch the helpless Duvessa completely off-guard!
You bite Duvessa!
Duvessa is heavily wounded.
Your adder bites Duvessa but does no damage.
Duvessa closely misses you.
You closely miss Duvessa.
Duvessa is heavily wounded.
Your adder bites Duvessa but does no damage.
Duvessa hits you with a short sword of draining!!
You feel drained.
You barely miss Duvessa.
Duvessa is heavily wounded.
Duvessa hits you with a short sword of draining!!
* * * LOW HITPOINT WARNING * * *
You feel drained.
* * * LOW HITPOINT WARNING * * *
Your adder bites Duvessa.
Duvessa hits you with a short sword of draining!
You die...
Your body disappears without a glow.

##### ....# ###########
....# #.........#
....####........s######
....##...........e.....#
....##...........S.....#
....##...##.......)....#
....##...########'##'###
.............. ...>..
....##...##### ..#.###
...).....# ..# .
.........## ..


You could see Duvessa (berserk) and a friendly adder.

Vanquished Creatures
  A two-headed ogre (D:7)
  A hippogriff (D:7)
  A water moccasin (D:7)
  3 ice beasts (D:6)
  A sky beast (D:7)
  2 phantoms
  A centaur (D:6)
  2 big kobolds
  3 bullfrogs
  A scorpion (D:4)
  A howler monkey (D:5)
  2 crimson imps
  An orc priest (D:7)
  A bullfrog zombie (D:3)
  3 jellies (D:5)
  A bullfrog skeleton (D:7)
  4 hounds
  5 orc wizards
  An iguana (D:7)
  4 worker ants
  A hound zombie (D:7)
  A hound skeleton (D:4)
  2 mummies (Ossuary)
  A worker ant zombie (D:7)
  7 adders
  An adder skeleton (D:4)
  4 worms
  2 dart slugs
  4 leopard geckos
  9 orcs
  A ball python (D:4)
  3 bat zombies (D:3)
  5 giant cockroaches
  4 gnoll zombies (Ossuary)
  9 goblins
  5 hobgoblins
  3 jackals
  4 quokkas
  4 bats (D:1)
  7 frilled lizards
  4 gnoll skeletons (Ossuary)
  4 goblin skeletons (Ossuary)
  2 hobgoblin skeletons (Ossuary)
  A hobgoblin zombie (Ossuary)
  7 kobolds
  4 kobold skeletons (Ossuary)
  2 kobold zombies (Ossuary)
  An orc skeleton (Ossuary)
  5 orc zombies (Ossuary)
  A quokka skeleton (D:4)
  5 rats
  A rat skeleton (Ossuary)
  3 rat zombies
156 creatures vanquished.

Vanquished Creatures (collateral kills)
  Menkaure (Ossuary)
  Edmund (D:5)
  A phantom (D:6)
  3 ogres
  Dowan (D:7)
  A scorpion (D:4)
  A hound (D:6)
  A mummy (Ossuary)
  An adder (D:6)
  A worm (D:4)
  An orc (D:7)
  A jackal (D:7)
  A kobold (D:7)
  A quokka (D:7)
  A gnoll zombie (Ossuary)
  A rat zombie (Ossuary)
18 creatures vanquished.

Vanquished Creatures (others)
  2 gnoll zombies (Ossuary)
  A frilled lizard (D:2)
  2 goblin skeletons (Ossuary)
  2 goblin zombies (Ossuary)
  A hobgoblin skeleton (Ossuary)
  A hobgoblin zombie (Ossuary)
  3 kobold skeletons (Ossuary)
  2 kobold zombies (Ossuary)
  2 orc skeletons (Ossuary)
  2 orc zombies (Ossuary)
  A rat skeleton (Ossuary)
  A bush (D:6)
20 creatures vanquished.

Grand Total: 194 creatures vanquished

Notes
Turn   | Place    | Note
-------+----------+-------------------------------------------
     0 | D:1      | Rrauwl the Draconian Transmuter began the quest for the Orb.
     0 | D:1      | Reached XP level 1. HP: 16/16 MP: 3/3
    95 | D:1      | Reached XP level 2. HP: 22/23 MP: 3/5
   536 | D:2      | Reached XP level 3. HP: 26/28 MP: 4/6
   556 | D:2      | Found a radiant altar of Vehumet.
  1189 | D:3      | Found a bloodstained altar of Trog.
  1504 | D:3      | Reached XP level 4. HP: 22/36 MP: 6/8
  1561 | D:3      | Learned a level 2 spell: Sticks to Snakes
  1635 | D:3      | Found a glowing golden altar of the Shining One.
  2004 | D:3      | Found an ancient bone altar of Kikubaaqudgha.
  2068 | D:4      | Found a staircase to the Ecumenical Temple.
  2075 | D:4      | Noticed a big kobold
  2077 | Temple   | Entered the Ecumenical Temple
  2217 | Temple   | Became a worshipper of Nemelex Xobeh the Trickster
  2266 | D:4      | Killed a big kobold
  2266 | D:4      | Reached XP level 5. HP: 8/41 MP: 2/9
  2586 | D:4      | Reached skill level 4 in Unarmed Combat
  2586 | D:4      | Reached skill level 1 in Invocations
  2726 | D:4      | Reached XP level 6. HP: 3/50 MP: 9/11
  2847 | D:4      | Noticed flsc's ghost (amateur MiFi)
  3099 | D:4      | Received a gift from Nemelex Xobeh
  3171 | D:4      | Found a stormy altar of Qazlal.
  3557 | D:5      | Entered Level 5 of the Dungeon
  3644 | D:5      | Found a sand-covered staircase.
  3648 | Ossuary  | Entered an ossuary
  3956 | Ossuary  | Reached * piety under Nemelex Xobeh
  3984 | Ossuary  | Noticed Menkaure
  4002 | Ossuary  | Killed Menkaure
  4002 | Ossuary  | Your scales start taking on a lurid green colour.
  4002 | Ossuary  | Reached XP level 7. HP: 29/57 MP: 9/12
  4002 | Ossuary  | Gained mutation: Your system is resistant to poisons. (rPois) [Green Draconian growth]
  4185 | Ossuary  | Gained mutation: Your large and strong wings let you fly indefinitely. [potion of mutation]
  4185 | Ossuary  | Gained mutation: You occasionally shout uncontrollably at your foes. [potion of mutation]
  4185 | Ossuary  | Gained mutation: You are dopey. (Int -2) [potion of mutation]
  4639 | D:5      | Received a gift from Nemelex Xobeh
  5126 | D:5      | Noticed Edmund
  5139 | D:5      | Killed Edmund
  5221 | D:5      | Learned a level 2 spell: Throw Frost
  5225 | D:5      | Learned a level 3 spell: Spider Form
  5368 | D:6      | Reached skill level 5 in Unarmed Combat
  5497 | D:6      | Reached skill level 1 in Ice Magic
  5497 | D:6      | Reached skill level 1 in Poison Magic
  5535 | D:6      | Reached ** piety under Nemelex Xobeh
  5599 | D:6      | Reached XP level 8. HP: 64/66 MP: 14/14
  5624 | D:6      | Reached skill level 1 in Conjurations
  5763 | D:6      | Reached skill level 1 in Evocations
  6116 | D:6      | Reached skill level 1 in Stealth
  6157 | D:6      | Found a shimmering altar of Xom.
  6979 | D:7      | Noticed a hippogriff
  6994 | D:7      | Killed a hippogriff
  6994 | D:7      | Reached XP level 9. HP: 37/72 MP: 15/15
  7218 | D:7      | Reached skill level 5 in Transmutations
  8360 | D:7      | Reached skill level 5 in Fighting
  8360 | D:7      | Reached skill level 6 in Unarmed Combat
  8360 | D:7      | Reached skill level 5 in Invocations
  8539 | D:7      | Noticed Dowan
  8540 | D:7      | Noticed Duvessa
  8550 | D:7      | Killed Dowan
  8554 | D:7      | HP: 1/74 [Duvessa/short sword of draining (9)]
  8554 | D:7      | Demolished by Duvessa

Skill      XL: |  1  2  3  4  5  6  7  8  9 |
---------------+----------------------------+-----
Dodging        | 2 3 |  3.0
Fighting       | 2 3 4 5 |  5.1
Spellcasting   | 3 4 |  4.0
Unarmed Combat | 4 5 6 |  6.1
Invocations    | 1 2 3 4 5 |  5.1
Transmutations | 3 4 5 |  5.4
Ice Magic      | 1 2 3 |  3.2
Poison Magic   | 1 3 4 |  4.6
Conjurations   | 2 3 |  3.0
Evocations     | 2 |  2.0
Stealth        | 1 |  1.0

Action                   |  1- 3 |  4- 6 |  7- 9 || total
-------------------------+-------+-------+-------++-------
Melee: Unarmed           |   142 |   264 |   355 ||   761
       Tailslap          |    12 |    22 |    39 ||    73
       Headbutt          |    10 |    11 |    11 ||    32
       Kick              |    12 |    37 |    28 ||    77
       Punch             |       |     4 |     8 ||    12
 Cast: Beastly Appendage |    21 |    27 |    35 ||    83
       Sticks to Snakes  |       |    12 |    15 ||    27
       Throw Frost       |       |       |     4 ||     4
       Spider Form       |       |       |     9 ||     9
 Abil: Breathe Noxious F |       |       |     2 ||     2
Evoke: Deck              |       |     2 |    14 ||    16
       Wand              |       |       |     1 ||     1
  Use: Potion            |     2 |     6 |     7 ||    15
       Scroll            |       |     8 |     7 ||    15
 Stab: Sleeping          |     1 |       |       ||     1
       Distracted        |       |       |     2 ||     2
  Eat: Fruit             |     2 |     1 |     2 ||     5
       Chunk             |     1 |     3 |    15 ||    19
       Pizza             |       |     1 |     1 ||     2
       Bread ration      |       |     1 |       ||     1
       Beef jerky        |       |     1 |       ||     1
Armor: Skin              |    45 |    71 |    85 ||   201
Dodge: Dodged            |    92 |   152 |   198 ||   442
